 Dungeon Crawl Stone Soup version 0.20-a0-269-g17f5411 (webtiles) character file.

578 Faca the Chopper (level 7, -5/55 HPs)
             Began as a Formicid Fighter on Dec 9, 2016.
             Was an Initiate of Okawaru.
             Slain by Menkaure (16 damage)
             ... on level 4 of the Dungeon.
             The game lasted 00:08:17 (3352 turns).

Faca the Chopper (Formicid Fighter)                 Turns: 3352, Time: 00:08:18

Health: -5/55      AC: 10    Str: 22    XL:     7   Next: 62%
Magic:  7/7        EV:  9    Int:  7    God:    Okawaru [......]
Gold:   285        SH: 10    Dex: 11    Spells: 6/6 levels left

rFire  + . .     SeeInvis +     o - +1 flail (crush)
rCold  + . .     Gourm    .     b - +0 scale mail
rNeg   + . .     Faith    .     p - +0 shield
rPois  +         Spirit   .     (helmet unavailable)
rElec  +         Reflect  .     (no cloak)
rCorr  +         Harm     .     j - +0 pair of gloves (curse)
MR     .....                    m - +1 pair of boots
Stlth  ..........               (no amulet)
                                (no ring)
                                l - ring of positive energy

@: resistant
A: permanent stasis, dig shafts and tunnels, four strong arms, antennae 3
a: Dig, Shaft Self, Renounce Religion


You were on level 4 of the Dungeon.
You worshipped Okawaru.
Okawaru was noncommittal.
You were not hungry.

You visited 1 branch of the dungeon, and saw 4 of its levels.

You collected 285 gold pieces.

Inventory:

Hand Weapons
 a - a +1 war axe
 o - a +1 flail of crushing (weapon)
Armour
 b - a +0 scale mail (worn)
 j - a cursed +0 pair of gloves (worn)
 m - a +1 pair of boots (worn)
 p - a +0 shield (worn)
Jewellery
 l - a ring of positive energy (left hand)
Wands
 h - a wand of lightning (10/15)
Scrolls
 g - 4 scrolls of remove curse
Potions
 e - a potion of cure mutation
 k - a potion of resistance
Comestibles
 c - a meat ration
 f - 2 bread rations
 n - 2 fruits


   Skills:
 + Level 4.4 Fighting
 + Level 5.3(5.4) Axes
 + Level 1.5(3.6) Maces & Flails
 + Level 4.6 Armour
 + Level 1.5 Dodging
 + Level 5.0 Shields


You had 6 spell levels left.
You didn't know any spells.

Dungeon Overview and Level Annotations

Branches:
Dungeon (4/15)
 Temple: D:4-7

Altars:
Okawaru

Annotations:
D:4 Menkaure


Innate Abilities, Weirdness & Mutations

You cannot be hasted, slowed, berserked, paralysed or teleported.
You can dig through walls and to a lower floor.
Your four strong arms can wield two-handed weapons with a shield.
You have a pair of large antennae on your head. (SInv)


Message History

Menkaure calls on the powers of darkness!
Your body is wracked with pain!
* * * LOW HITPOINT WARNING * * *
It was a potion of cure mutation.
It has a very clean taste.
You feel healthier.
Your magical essence is no longer linked to your wands.
Your skin no longer functions as natural camouflage.
You block Menkaure's attack.
It was a potion of haste.
Your stasis prevents you from being hasted.
Menkaure gestures wildly while chanting.
Menkaure seems to speed up.
You hit Menkaure.
Menkaure is moderately damaged.
You block Menkaure's attack.
You sock Menkaure!
Menkaure is almost destroyed.
Menkaure gestures wildly while chanting.
Menkaure hits you!
You die...

..........# #
♣##..♣.
.♣....)####
♣...##.
.#....).... ♣....
.♣.♣##.#.###.
#...###.# #.#.###.
#......####....##.
#............>.##.
#.......#####.....
#@..†...# #.....
......M.......#
#.###.
.##.###....##.# #
#..####.#
##.###..# #..
....##... ....
##.# ♣♣♣P...#...
..##. .....
♣P.......... .. ..
.....♣♣......#


You could see Menkaure.

Vanquished Creatures
  The ghost of tbh1313 the Ruffian, an amateur TrFi (D:3)
  The ghost of McSplat the Shield-Bearer, an amateur MiFi (D:4)
  A hound (D:3)
  Natasha (thrice) (D:2)
  A hound skeleton (D:4)
  3 gnolls (D:4)
  3 adders
  2 oozes (D:1)
  An adder skeleton (D:4)
  3 worms
  5 dart slugs
  4 leopard geckos
  3 orcs (D:4)
  A ball python (D:4)
  2 giant cockroaches
  8 goblins
  8 hobgoblins
  6 jackals
  12 kobolds
  A quokka (D:3)
  4 bats
  7 frilled lizards
  A jackal skeleton (D:4)
  8 rats
89 creatures vanquished.

Notes
Turn   | Place    | Note
-------+----------+-------------------------------------------
     0 | D:1      | Faca the Formicid Fighter began the quest for the Orb.
     0 | D:1      | Reached XP level 1. HP: 18/18 MP: 1/1
    87 | D:1      | Reached XP level 2. HP: 13/24 MP: 2/2
   437 | D:1      | Reached XP level 3. HP: 26/29 MP: 3/3
  1329 | D:2      | Reached XP level 4. HP: 37/37 MP: 4/4
  1432 | D:2      | Noticed Natasha
  1445 | D:2      | Killed Natasha
  1457 | D:2      | Noticed Natasha
  1464 | D:2      | Killed Natasha
  1464 | D:2      | Reached XP level 5. HP: 20/42 MP: 5/5
  1484 | D:2      | Gained mutation: You expend magic power (3 MP) to strengthen your wands. [potion of mutation]
  1484 | D:2      | Gained mutation: Your skin changes colour to match your surroundings (Stealth+). [potion of mutation]
  1484 | D:2      | Gained mutation: Your body sometimes deteriorates upon taking damage. [potion of mutation]
  1507 | D:2      | Noticed Natasha
  1517 | D:2      | Killed Natasha
  2203 | D:3      | Reached skill level 1 in Dodging
  2203 | D:3      | Reached XP level 6. HP: 46/48 MP: 6/6
  2428 | D:3      | Noticed tbh1313's ghost (amateur TrFi)
  2453 | D:3      | Killed tbh1313's ghost
  2710 | D:3      | Reached XP level 7. HP: 47/55 MP: 7/7
  2943 | D:4      | Noticed McSplat's ghost (amateur MiFi)
  2958 | D:4      | Killed McSplat's ghost
  2958 | D:4      | Reached skill level 5 in Axes
  2958 | D:4      | Reached skill level 1 in Maces & Flails
  3164 | D:4      | Reached skill level 5 in Shields
  3203 | D:4      | Found an iron altar of Okawaru.
  3217 | D:4      | Became a worshipper of Warmaster Okawaru
  3337 | D:4      | Noticed Menkaure
  3349 | D:4      | Lost mutation: Your body sometimes deteriorates upon taking damage. [potion of cure mutation]
  3349 | D:4      | Lost mutation: You expend magic power (3 MP) to strengthen your wands. [potion of cure mutation]
  3349 | D:4      | Lost mutation: Your skin changes colour to match your surroundings (Stealth+). [potion of cure mutation]
  3352 | D:4      | Slain by Menkaure

Vault maps used:
D:1:      dpeg_arrival_triangle_fractal
D:2:      uniq_natasha
D:4:      okawaru_ov_weapons_minmay, serial_forest, infiniplex_forest_end_2,
          infiniplex_forest_lined_room_, infiniplex_forest_clump_small,
          infiniplex_forest_end_2, infiniplex_forest_clump_large,
          infiniplex_forest_end_1, serial_shops, shop, minmay_box_of_dots,
          uniq_menkaure

Skill      XL: |  1  2  3  4  5  6  7 |
---------------+----------------------+-----
Shields        | 4 5 |  5.0
Axes           | 3 4 5 |  5.3
Armour         | 4 |  4.6
Fighting       | 4 |  4.4
Dodging        | 1 |  1.5
Maces & Flails | 1 |  1.5

Action                   |  1- 3 |  4- 6 |  7- 9 || total
-------------------------+-------+-------+-------++-------
Melee: War axe           |    82 |   129 |     3 ||   214
       Flail             |       |       |    84 ||    84
  Use: Scroll            |     4 |     3 |       ||     7
       Potion            |       |     1 |     5 ||     6
  Eat: Beef jerky        |     1 |     1 |       ||     2
       Meat ration       |       |     1 |       ||     1
Armor: Scale mail        |    23 |    47 |    44 ||   114
Dodge: Dodged            |    25 |    43 |    38 ||   106
Block: Shield            |    30 |    64 |    46 ||   140
